 Dungeon Crawl Stone Soup version 0.30-a0-1157-g2cc9ac7196 (webtiles) character file.

Game seed: 12630519020307487820

147 Dittersdorf the Trooper (level 5, 0/33 HPs)
             Began as a Gargoyle Fighter on Apr 24, 2023.
             Slain by an orc wizard
             ... wielding a +0 dagger
              (3 damage)
             ... on level 3 of the Dungeon.
             The game lasted 00:03:07 (1871 turns).

Dittersdorf the Trooper (Gargoyle Fighter)          Turns: 1871, Time: 00:03:08

Health: 0/33       AC: 11    Str: 22    XL:     5   Next: 29%
Magic:  14/14      EV:  9    Int:  8    God:
Gold:   120        SH:  0    Dex: 15    Spells: 4/4 levels left

rFire   . . .        a - +0 flail
rCold   . . .        c - +0 buckler
rNeg    + . .        b - +0 scale mail
rPois   ∞            (no helmet)
rElec   +            (no cloak)
rCorr   .            (no gloves)
SInv    .            (no boots)
Will    .....        (no amulet) Stlth
                     i - ring of magical power
HPRegen 0.25/turn    m - +6 ring of dexterity
MPRegen 0.14/turn

%: no passive effects
@: confused
A: sickness immunity, AC +4, negative energy resistance 1, electricity
resistance, torment resistance 1, petrification resistance
a: no special abilities


You were on level 3 of the Dungeon.
You visited 1 branch of the dungeon, and saw 3 of its levels.

You collected 120 gold pieces.

Inventory:

Hand Weapons
 a - a +0 flail (weapon)
Armour
 b - a +0 scale mail (worn)
 c - a +0 buckler (worn)
Jewellery
 i - a ring of magical power (left hand)
 m - a +6 ring of dexterity (right hand)
Scrolls
 e - a scroll of fear {unknown}
 f - a scroll of blinking {unknown}
 g - 2 scrolls of teleportation {unknown}
 h - 2 scrolls of poison {unknown}
 j - a scroll of identify {unknown}
 k - a scroll of noise {unknown}
Potions
 d - 4 potions of might
 l - a potion of cancellation {unknown}


   Skills:
 + Level 4.2 Fighting
 + Level 3.1 Maces & Flails
 + Level 4.2 Armour
 + Level 4.2 Shields


You had 4 spell levels left.
You didn't know any spells.
Your spell library was empty.

Dungeon Overview and Level Annotations

Branches:
Dungeon (3/15)

Altars:

Shops:
D:2 :


Innate Abilities, Weirdness & Mutations

You are immune to sickness and miasma.
Your stone body is resilient. (AC +4)
You are immune to poison.
You resist negative energy. (rN+)
You are resistant to electric shocks. (rElec)
You are resistant to unholy torment.
You are immune to petrification.


Message History

The orc wizard attacks as you move away!
The orc wizard hits you but does no damage.
The orc wizard attacks as you move away!
The orc wizard closely misses you.
Items here: ))))) [[[ ÷÷÷÷.
The orc wizard gestures at you while chanting.
You are confused.
The orc wizard hits you but does no damage.
The orc misses you.
Items here: ))))) [[[ ÷÷÷÷.
You bump into the rock wall.
The orc wizard hits you but does no damage.
The orc hits you from afar with a +0 trident!
* * * LOW HITPOINT WARNING * * *
The orc wizard casts a spell at you.
You are more confused.
The orc wizard hits you with a +0 dagger.
* * * LOW HITPOINT WARNING * * *
The orc closely misses you.
Items here: ))))) [[[ ÷÷÷÷.
You bump into the rock wall.
The orc wizard points at you and mumbles some strange words.
You are more confused.
The orc barely misses you.
You bump into the rock wall.
The orc wizard closely misses you. The orc hits you but does no damage.
You bump into the rock wall.
The orc wizard hits you with a +0 dagger.
* * * LOW HITPOINT WARNING * * *
The orc closely misses you.
You bump into the rock wall.
The orc wizard hits you but does no damage.
The orc hits you but does no damage.
You bump into the rock wall.
The orc wizard hits you with a +0 dagger.
* * * LOW HITPOINT WARNING * * *
The orc closely misses you.
You bump into the rock wall.
The orc wizard hits you with a +0 dagger.
You die...

#.......# ####.#### #.# #######
#.# #.....# ###.# #.....# #...#
#.....# #.### #.....# #.# #.....#
# #@# ###.### . #o# #.# #
#o#########.###### ###
#So.oS.o.##.....## ..#
#o.#####.######.## #.#
##..#####.#####...#
..#############...#.....o..oS...#
.............##.....#.#.#S....o..
..#####.#.##............##.######


You could see an orc wizard, an adder and 3 orcs.

Vanquished Creatures
  2 orc wizards (D:3)
  4 adders
  2 worms
  A dart slug (D:1)
  8 orcs (D:3)
  3 ball pythons
  2 endoplasms
  A giant cockroach (D:1)
  3 goblins
  5 hobgoblins
  4 jackals (D:2)
  3 bats
  2 frilled lizards (D:1)
  4 kobolds
  2 rats
46 creatures vanquished.

Notes
Turn   | Place    | Note
-------+----------+-------------------------------------------
     0 | D:1      | Dittersdorf the Gargoyle Fighter began the quest for the
                  | Orb.
     0 | D:1      | Reached XP level 1. HP: 14/14 MP: 1/1
   199 | D:1      | Found a faded altar of an unknown god.
   207 | D:1      | Reached XP level 2. HP: 19/19 MP: 2/2
   769 | D:2      | Reached XP level 3. HP: 22/23 MP: 3/3
  1138 | D:2      | Found Qaeff's Book Shoppe.
  1568 | D:3      | Reached XP level 4. HP: 20/29 MP: 4/4
  1760 | D:3      | Reached XP level 5. HP: 27/33 MP: 5/5
  1871 | D:3      | Slain by an orc wizard

Illustrated notes

Levels and vault maps discovered:
D:1:      dpeg_arrival_signposts, layout_basic,
          ebering_ecumenical_altar_sacrificial, minmay_pentomino_r2
D:2:      layout_loops_cross, serial_shops, nicolae_shop_statue_plus,
          minmay_crystal_room, kennysheep_generic_room_15
D:3:      layout_loops_cross

Skill      XL: |  1  2  3  4 |
---------------+-------------+-----
Fighting       | 4 |  4.2
Armour         | 4 |  4.2
Shields        | 4 |  4.2
Maces & Flails | 3 |  3.1

Action                     |  1- 3 |  4- 6 || total
---------------------------+-------+-------++-------
  Melee: Flail             |   128 |    57 ||   185
 Armour: Scale mail        |    72 |    57 ||   129
  Dodge: Dodged            |    67 |    30 ||    97
  Block: Buckler           |    26 |    15 ||    41

Table legend: (Time is in decaauts)
 A = Elapsed time spent in this place.
 B = Non-inter-level travel time spent in this place.
 C = Inter-level travel time spent in this place.
 D = Time resting spent in this place.
 E = Time spent auto-exploring this place.
 F = Levels seen in this place.
 G = Mean time per level.
                   A        B        C        D        E       F      G
               +--------+--------+--------+--------+--------+-----+--------+
         Total |   1927 |   1846 |     81 |     43 |   1369 |   3 |  642.3 |
       Dungeon |   1927 |   1846 |     81 |     43 |   1369 |   3 |  642.3 |
               +--------+--------+--------+--------+--------+-----+--------+

Top non-repeatable levels by time:
     D:1: 796 daAuts
     D:2: 764 daAuts
     D:3: 366 daAuts
